 Dungeon Crawl Stone Soup version 0.23.2-40-g277498a001 (webtiles) character file.

Game seed: 12142399577014395074

284 Demagog the Cudgeler (level 6, -1/38 HPs)
             Began as a Gargoyle Berserker on Sept 16, 2019.
             Was a Believer of Trog.
             Splashed by a jelly's acid (7 damage)
             ... on level 5 of the Dungeon.
             The game lasted 00:14:18 (4331 turns).

Demagog the Cudgeler (Gargoyle Berserker)           Turns: 4331, Time: 00:14:22

Health: -1/38      AC: -4    Str: 21    XL:     6   Next: 29%
Magic:  6/6        EV:  8    Int:  7    God:    Trog [**....]
Gold:   162        SH:  0    Dex: 11    Spells: 5/5 levels left

rFire    . . .     SeeInvis .   h - +0 whip
rCold    . . .     Gourm    .   (no shield)
rNeg     + . .     Faith    .   l - +0 chain mail
rPois    ∞         Spirit   .   (no helmet)
rElec    +         Reflect  .   (no cloak)
rCorr    .         Harm     .   (no gloves)
MR       .....                  z - +0 pair of boots
Stlth    ..........             (no amulet)
HPRegen  0.12/turn              (no ring)
MPRegen  0.10/turn              (no ring)

@: corroded
A: negative energy resistance 1, electricity resistance, unbreathing,
petrification resistance, rot immunity, AC +4
a: Berserk, Trog's Hand, Renounce Religion


You were on level 5 of the Dungeon.
You worshipped Trog.
Trog was pleased with you.
You were not hungry.

You visited 1 branch of the dungeon, and saw 5 of its levels.

You collected 162 gold pieces.

Inventory:

Hand Weapons
 a - a +0 mace
 h - a +0 whip (weapon)
 w - a +0 flail
 x - a +1 hunting sling
Missiles
 j - 102 stones (quivered)
 s - 36 bolts
 t - 26 poisoned needles
Armour
 b - a +0 animal skin
 l - a +0 chain mail (worn)
 v - a +0 plate armour
 z - a +0 pair of boots (worn)
Magical Staves
 y - an uncursed staff of poison {unknown}
Jewellery
 e - an uncursed ring of protection from fire {unknown}
 g - a cursed +2 ring of evasion {unknown}
 o - a +2 amulet of reflection {unknown}
 E - an uncursed ring of ice {unknown}
Wands
 r - a wand of flame (16)
Scrolls
 f - a scroll of teleportation
 p - 2 scrolls of remove curse
Potions
 d - a potion of might
 i - a potion of haste {unknown}
 k - a potion of brilliance
 m - a potion of degeneration {unknown}
 n - a potion of berserk rage {unknown}
 q - a potion of lignification {unknown}
 A - a potion of heal wounds {unknown}
 B - a potion of ambrosia {unknown}
 C - 2 potions of curing {unknown}
 D - a potion of mutation {unknown}
Comestibles
 c - 6 rations
 u - 3 chunks of flesh


   Skills:
 + Level 4.3 Fighting
   Level 0.3(2.5) Axes
 * Level 4.5 Maces & Flails
 + Level 0.8 Slings
 - Level 4.1 Armour
 + Level 2.5 Dodging


You had 5 spell levels left.
You didn't know any spells.
Your spell library was empty.

Dungeon Overview and Level Annotations

Branches:
Dungeon (5/15)
 Temple: D:4-7

Altars:


Innate Abilities, Weirdness & Mutations

You are resistant to torment.
Your stone body is resilient. (AC +4)
You are immune to poison.
You resist negative energy. (rN+)
You are resistant to electric shocks. (rElec)
You can survive without breathing.
You are immune to petrification.
You are immune to rotting.


Message History

A jelly comes into view.
The jelly closely misses you.
You hit the jelly. The acid corrodes you!
Your hands burn!
The jelly is lightly wounded.
You hit the jelly but do no damage. The acid corrodes you!
Your hands burn!
The jelly is lightly wounded.
The jelly misses you.
You hit the jelly but do no damage. The acid corrodes you!
Your hands burn!
The jelly is lightly wounded.
The jelly barely misses you.
You whack the jelly!
Your hands burn!
The jelly is heavily wounded.
The jelly hits you. The acid corrodes you!
You are splashed with acid!
You hit the jelly but do no damage. The acid corrodes you!
Your hands burn!
* * * LOW HITPOINT WARNING * * *
The jelly is heavily wounded.
The jelly hits you.
* * * LOW HITPOINT WARNING * * *
You are splashed with acid!
You die...

#.###.#...## ##.....###...<.#..
#.#........####.....#....##>##.#
#.#.###.#.............###...#..#
#.#.# #................##.#.#.##
#.#.# #.#...................#.
#...###.##....#............$..
#...##>....#.........#.......
#..###.#.##..........##.##..#
##..##........#.@.............
........#.##..#.J)...........
........#.#..##..........[...
............###.............
..........### #.##......#...#
###..#...######.##......#...#
.#......#.......##........#
............#### #...........#
............# #......##...#


You could see a jelly.

Vanquished Creatures
  A howler monkey (D:4)
  2 bullfrog skeletons (D:4)
  An iguana (D:4)
  2 worker ants (D:5)
  4 adders
  A worm (D:5)
  A dart slug (D:1)
  4 leopard geckos
  4 orcs (D:3)
  2 bats
  2 giant cockroaches
  6 goblins
  9 hobgoblins
  6 jackals
  2 quokkas
  3 frilled lizards
  8 kobolds
  5 rats
63 creatures vanquished.

Notes
Turn   | Place    | Note
-------+----------+-------------------------------------------
     0 | D:1      | Demagog the Gargoyle Berserker began the quest for the Orb.
     0 | D:1      | Reached XP level 1. HP: 14/14 MP: 1/1
   199 | D:1      | Reached XP level 2. HP: 19/19 MP: 2/2
   524 | D:1      | Reached XP level 3. HP: 23/23 MP: 3/3
  1309 | D:2      | You fall through a shaft for 2 floors!
  1353 | D:4      | Reached XP level 4. HP: 22/29 MP: 4/4
  1732 | D:3      | Reached ** piety under Trog
  2049 | D:3      | Reached XP level 5. HP: 30/33 MP: 5/5
  3983 | D:5      | Entered Level 5 of the Dungeon
  4170 | D:5      | Reached XP level 6. HP: 38/38 MP: 6/6
  4331 | D:5      | Splashed by a jelly's acid

Skill      XL: |  1  2  3  4  5 |
---------------+----------------+-----
Armour         | 3 4 |  4.1
Dodging        | 2 |  2.5
Maces & Flails | 4 |  4.5
Fighting       | 4 |  4.3
Axes           | |  0.3
Slings         | |  0.8

Action                   |  1- 3 |  4- 6 || total
-------------------------+-------+-------++-------
Melee: Mace              |    47 |    50 ||    97
       Whip              |    48 |    62 ||   110
       Flail             |       |    60 ||    60
 Fire: Hunting sling     |       |    53 ||    53
  Use: Scroll            |       |     7 ||     7
       Potion            |       |     2 ||     2
  Eat: Chunk             |     1 |     3 ||     4
       Ration            |       |     2 ||     2
Armor: Animal skin       |    28 |       ||    28
       Chain mail        |       |   153 ||   153
Dodge: Dodged            |    79 |   106 ||   185
